 Dungeon Crawl Stone Soup version 0.29-a0-341-g24ffce5b50 (webtiles) character file.

Game seed: 16549228338497026626

604 zishaf the Skirmisher (level 7, -4/59 HPs)
             Began as a Palentonga Abyssal Knight on Apr 20, 2022.
             Was a Priest of Lugonu.
             Slain by an orc priest
             ... wielding a +0 mace
              (7 damage)
             ... on level 5 of the Dungeon.
             The game lasted 00:07:28 (4957 turns).

zishaf the Skirmisher (Palentonga Abyssal Knight)   Turns: 4957, Time: 00:07:28

Health: -4/59      AC: 12    Str: 18    XL:     7   Next: 18%
Magic:  19/19      EV: 12    Int: 10    God:    Lugonu [***...]
Gold:   263        SH:  0    Dex: 11    Spells: 6/6 levels left

rFire   . . .      SeeInvis +   c - +1 flail (vorpal)
rCold   . . .      Faith    .   (no shield)
rNeg    . . .      Spirit   .   r - +0 ring mail
rPois   .          Reflect  .   (no helmet)
rElec   .          Harm     .   (no cloak)
rCorr   .          Rampage  .   (no gloves)
Will    .....                   (no barding)
Stlth   +.........              (no amulet)
HPRegen 0.19/turn               p - +4 ring of evasion
MPRegen 0.16/turn               d - ring of magical power

@: curled up
A: large, rugged brown scales 3, see invisible, deformed body, roll 1, armoured
tail, reflexive curl
a: Rolling Charge, Renounce Religion, Depart the Abyss, Bend Space, Banish


You were on level 5 of the Dungeon.
You worshipped Lugonu.
Lugonu was most pleased with you.
You visited 1 branch of the dungeon, and saw 5 of its levels.
You visited the Abyss 1 time.

You collected 263 gold pieces.

Inventory:

Hand Weapons
 a - a +1 mace
 c - a +1 vorpal flail (weapon)
 i - a +0 hunting sling
Missiles
 o - 5 poisoned darts
 q - a throwing net
Armour
 b - a +0 leather armour
 r - a +0 ring mail (worn)
Jewellery
 d - a ring of magical power (right hand)
 p - a +4 ring of evasion (left hand)
Wands
 k - a wand of flame (13)
 l - a wand of acid (10)
Scrolls
 e - 2 scrolls of teleportation
 h - a scroll of summoning {unknown}
Potions
 f - 2 potions of flight
 g - a potion of berserk rage
 m - 2 potions of heal wounds
 n - 2 potions of mutation
 s - a potion of curing
 u - a potion of might


   Skills:
 + Level 5.3 Fighting
 + Level 4.8 Maces & Flails
 - Level 1.5 Armour
 - Level 0.7 Dodging
 + Level 5.2 Invocations


You had 6 spell levels left.
You didn't know any spells.
Your spell library contained the following spells:

 Spells                   Type           Power      Damage    Failure   Level
 Animate Skeleton         Necr           0%         N/A       56%         1
 Apportation              Tloc           0%         N/A       56%         1
 Summon Small Mammal      Summ           0%         N/A       56%         1


Dungeon Overview and Level Annotations

Branches:
Dungeon (5/15)
 Temple: D:4-7

Altars:
Trog

Annotations:
D:2 1 runed translucent door, Crazy Yiuf


Innate Abilities, Weirdness & Mutations

You are completely covered in rugged brown scales. (AC +3, +7% HP)
You have supernaturally acute eyesight. (SInv)
Armour fits poorly on your strangely shaped body.
You can roll at nearby foes to attack.
You have a long armoured tail.
You curl defensively after being hit. (AC +7*)


Message History

The orc wizard flickers and vanishes for a moment.
You see here a +0 dagger.
Roll where?
Press: ? - help, Q - select action, (/) - cycle Dir - move target, f - orc wizard
Aim: an orc wizard, wielding a +0 dagger and wearing a +0 robe (slightly transparent)
You roll forward with a clatter of scales!
You sock the orc wizard!
You kill the orc wizard!
Lugonu accepts your kill.
The orc priest looks satisfied for a moment.
Roll where?
Press: ? - help, Q - select action, (/) - cycle Dir - move target, f - orc
Aim: an orc, wielding a +0 hand axe You roll forward with a clatter of scales!
You closely miss the orc.
The orc priest calls down the wrath of Beogh upon you.
Beogh smites you! The orc hits you but does no damage.
You sock the orc!
You kill the orc!
Lugonu accepts your kill.
The orc priest miscasts a cantrip.
Roll where?
Press: ? - help, Q - select action, (/) - cycle Dir - move target, f - orc priest
Aim: an orc priest, wielding a +0 mace You roll forward with a clatter of scales!
You closely miss the orc priest.
The orc priest calls down the wrath of Beogh upon you.
Beogh smites you!
* * * LOW HITPOINT WARNING * * *
You barely miss the orc priest.
The orc priest mumbles some strange prayers to Beogh against you.
Pain shoots through your body!
* * * LOW HITPOINT WARNING * * *
You closely miss the orc priest. You tail-slap the orc priest!
The orc priest is severely wounded.
The orc priest completely misses you.
You hit the orc priest but do no damage.
The orc priest is heavily wounded.
The orc priest hits you with a +0 mace!
You die...

#..................#
#.....!............#
#...................
#................###
#................#
###.....o........#
#.#####......###
##o# ######## #)@#
#°## ##.# #.## #.#
##.# #.## ##.# .###
#..#


You could see an orc priest.

Vanquished Creatures
  A black bear (D:4)
  A phantom (D:4)
  A necrophage (D:4)
  A scorpion (D:4)
  An orc priest (D:3)
  3 iguanas
  Jessica (D:2)
  3 orc wizards
  An adder (D:4)
  An ufetubus (D:5)
  2 worms
  3 dart slugs
  9 orcs
  10 endoplasms
  5 giant cockroaches
  5 goblins
  4 hobgoblins
  3 jackals (D:2)
  2 quokkas
  8 ball pythons
  6 bats
  5 frilled lizards
  9 kobolds
  7 rats
92 creatures vanquished.

Vanquished Creatures (others)
  An orc wizard (D:3)
  5 plants (D:3)
6 creatures vanquished.

Grand Total: 98 creatures vanquished

Notes
Turn   | Place    | Note
-------+----------+-------------------------------------------
     0 | Abyss:1  | zishaf the Palentonga Abyssal Knight began the quest for
                  | the Orb.
     0 | Abyss:1  | Reached XP level 1. HP: 19/19 MP: 2/2
    26 | D:1      | Escaped the Abyss
   173 | D:1      | Reached XP level 2. HP: 17/25 MP: 3/3
   916 | D:1      | Reached XP level 3. HP: 31/31 MP: 3/5
  1040 | D:2      | Noticed Jessica
  1042 | D:2      | Killed Jessica
  1262 | D:2      | Reached *** piety under Lugonu
  1263 | D:2      | Reached XP level 4. HP: 34/39 MP: 6/6
  2105 | D:2      | Found a runed translucent door.
  2106 | D:2      | Noticed Crazy Yiuf
  3562 | D:3      | Reached XP level 5. HP: 44/44 MP: 7/7
  4088 | D:4      | Found a bloodstained altar of Trog.
  4100 | D:4      | Noticed a phantom
  4106 | D:4      | Killed a phantom
  4107 | D:4      | Reached XP level 6. HP: 40/52 MP: 9/9
  4458 | D:4      | Reached skill level 5 in Fighting
  4767 | D:4      | Reached skill level 5 in Invocations
  4767 | D:4      | Gained mutation: You curl defensively after being hit. (AC
                  | +7*) [Palentonga growth]
  4767 | D:4      | Reached XP level 7. HP: 50/59 MP: 10/10
  4836 | D:5      | Entered Level 5 of the Dungeon
  4955 | D:5      | HP: 2/59 [orc priest/nerve-wracking pain (12)]
  4957 | D:5      | Slain by an orc priest

Illustrated notes

Levels and vault maps discovered:
D:1:      lightli_arrival_lavapool, layout_loops_ring
D:2:      layout_loops_corners, minmay_door_square, minivault_25, uniq_jessica,
          uniq_crazy_yiuf_cottage
D:3:      layout_rooms, serial_forest, infiniplex_forest_3_way,
          infiniplex_forest_end_1, infiniplex_forest_zigzag_2,
          infiniplex_forest_clump_curved, infiniplex_forest_clump_medium,
          infiniplex_forest_lined_2, infiniplex_forest_lined_corner,
          infiniplex_forest_straight_2
D:4:      layout_gridville, old_standard_altar, minmay_misc_feat_columns
D:5:      layout_cave_pods, st_stairs_12

Skill      XL: |  1  2  3  4  5  6 |
---------------+-------------------+-----
Invocations    | 3 4 5 |  5.2
Maces & Flails | 3 4 |  4.8
Fighting       | 4 5 |  5.3
Armour         | |  1.5
Dodging        | |  0.7

Action                   |  1- 3 |  4- 6 |  7- 9 || total
-------------------------+-------+-------+-------++-------
Melee: Mace              |    71 |   126 |       ||   197
       Tailslap          |     6 |    20 |     3 ||    29
       Punch             |       |     2 |       ||     2
       Flail             |       |    36 |    15 ||    51
 Abil: Rolling Charge    |    23 |    35 |     6 ||    64
  Use: Scroll            |       |     8 |     3 ||    11
Armor: Leather armour    |    23 |    37 |       ||    60
       Ring mail         |       |    19 |     3 ||    22
Dodge: Dodged            |    25 |    92 |     6 ||   123

Table legend: (Time is in decaauts)
 A = Elapsed time spent in this place.
 B = Non-inter-level travel time spent in this place.
 C = Inter-level travel time spent in this place.
 D = Time resting spent in this place.
 E = Time spent auto-exploring this place.
 F = Levels seen in this place.
 G = Mean time per level.
                   A        B        C        D        E       F      G
               +--------+--------+--------+--------+--------+-----+--------+
         Total |   5019 |   4803 |    216 |    742 |   3283 |   6 |  836.5 |
       Dungeon |   4993 |   4777 |    216 |    742 |   3283 |   5 |  998.6 |
         Abyss |     26 |     26 |      0 |      0 |      0 |   1 |   26.0 |
               +--------+--------+--------+--------+--------+-----+--------+

Top non-repeatable levels by time:
     D:2: 2049 daAuts
     D:1: 1007 daAuts
     D:4: 990 daAuts
     D:3: 823 daAuts
     D:5: 123 daAuts
 Abyss:1: 26 daAuts
